 Dungeon Crawl Stone Soup version 0.29-a0-304-gb34f9e133a (webtiles) character file.

Game seed: 17489824317007949268

219 patates123 the Covered (level 6, 0/47 HPs)
             Began as a Human Fighter on Mar 26, 2022.
             Was an Initiate of Gozag.
             Slain by an ogre
             ... wielding a +0 giant club
              (15 damage)
             ... on level 4 of the Dungeon.
             The game lasted 00:15:11 (4998 turns).

patates123 the Covered (Human Fighter)              Turns: 4998, Time: 00:15:12

Health: 0/47       AC: 11    Str: 23    XL:     6   Next: 17%
Magic:  6/6        EV:  5    Int:  8    God:    Gozag
Gold:   325        SH: 10    Dex: 20    Spells: 5/5 levels left

rFire   . . .      SeeInvis .   a - +0 long sword
rCold   . . .      Faith    .   g - +0 kite shield
rNeg    . . .      Spirit   .   k - +0 plate armour
rPois   .          Reflect  .   (no helmet)
rElec   .          Harm     .   (no cloak)
rCorr   .          Rampage  .   (no gloves)
Will    .....                   (no boots)
Stlth   ..........              (no amulet)
HPRegen 0.15/turn               u - +6 ring of dexterity
MPRegen 0.10/turn               y - +6 ring of strength

@: no status effects
A: no striking features
a: Renounce Religion, Potion Petition, Call Merchant, Bribe Branch


You were on level 4 of the Dungeon.
You worshipped Gozag.
Gozag was aware of your devotion.
You visited 1 branch of the dungeon, and saw 4 of its levels.

You collected 325 gold pieces.

Inventory:

Hand Weapons
 a - a +0 long sword (weapon)
 o - a +0 great sword
 r - a +0 short sword of protection
Missiles
 d - 10 poisoned darts (quivered)
 t - 3 atropa-tipped darts
Armour
 c - a +0 buckler
 g - a +0 kite shield (worn)
 k - a +0 plate armour (worn)
Jewellery
 u - a +6 ring of dexterity (left hand)
 w - a ring of flight
 y - a +6 ring of strength (right hand)
Wands
 x - a wand of mindburst (13)
Scrolls
 f - a scroll of vulnerability {unknown}
 h - a scroll of fog {unknown}
 i - a scroll of enchant weapon {unknown}
 j - 8 scrolls of identify {unknown}
 m - a scroll of immolation {unknown}
 n - a scroll of summoning {unknown}
 p - a scroll of fear
 q - a scroll of blinking {unknown}
Potions
 b - 2 potions of resistance {unknown}
 e - a potion of magic {unknown}
 l - 2 potions of berserk rage {unknown}
 s - a potion of attraction {unknown}
 v - 2 potions of heal wounds {unknown}
 z - a potion of cancellation {unknown}
 A - a potion of degeneration {unknown}
 B - 2 potions of ambrosia {unknown}
 C - a potion of might
 D - a potion of curing {unknown}


   Skills:
 + Level 3.5 Fighting
 + Level 3.6 Long Blades
 + Level 4.3 Armour
 + Level 0.3 Dodging
 + Level 4.0 Shields


You had 5 spell levels left.
You didn't know any spells.
Your spell library contained the following spells:

 Spells                   Type           Power      Damage    Failure   Level
 Slow                     Hex            0%         N/A       100%        1
 Confusing Touch          Hex            0%         N/A       100%        3
 Vampiric Draining        Necr           0%         2d6       100%        3


Dungeon Overview and Level Annotations

Branches:
Dungeon (4/15)
 Temple: D:4-7

Altars:
Gozag
Ru


Message History

The phantom is severely damaged.
You block the phantom's attack.
You slash the phantom!
The phantom is almost destroyed.
The phantom hits you but does no damage.
The phantom hits you.
You slash the phantom!
You destroy the phantom!
Your Shields skill increases to level 4!
You have reached level 6!
You hit the endoplasm but do no damage. You block the endoplasm's attack.
The endoplasm hits you but does no damage.
You slash the endoplasm!
You kill the endoplasm!
You now have 325 gold pieces (gained 11).
D - an emerald potion You start resting.
HP restored.
You start waiting.
An ogre comes into view. It is wielding a +0 giant club.
An ogre is nearby!
An ogre is nearby!
The ogre shouts!
You block the ogre's attack.
You hit the ogre.
The ogre is lightly wounded.
The ogre hits you with a +0 giant club!
You hit the ogre.
The ogre is lightly wounded.
You block the ogre's attack.
You hit the ogre.
The ogre is moderately wounded.
The ogre hits you with a +0 giant club!!
You slash the ogre!
The ogre is almost dead.
The ogre hits you with a +0 giant club.
You hit the ogre.
The ogre is almost dead.
The ogre hits you with a +0 giant club!
You die...
Your body crumbles into a pile of gold.

...###############
.#...............#
...###########.#.#
...# #.#.# #.##
.#..# #.# .###.###
#.###### ##.# ##..#
.......# #.# ###.#
######.# ##.#
##@O.#
#..##.#..##########
#..###..........#
##..#..########.#
#.#.#.# #.# #.###.#
#.# #.# #.# #.# ##
#.# #.########.##
##.. #.#
#...........#


You could see an ogre.

Vanquished Creatures
  A phantom (D:4)
  A jelly (D:4)
  3 gnolls (D:2)
  An adder (D:2)
  3 worms
  4 dart slugs
  An orc (D:3)
  3 endoplasms
  2 giant cockroaches (D:1)
  4 hobgoblins
  2 kobolds (D:3)
  4 quokkas
  11 ball pythons
  A bat (D:1)
  3 frilled lizards (D:1)
  9 goblins
  6 rats
59 creatures vanquished.

Vanquished Creatures (others)
  4 plants (D:3)
4 creatures vanquished.

Grand Total: 63 creatures vanquished

Notes
Turn   | Place    | Note
-------+----------+-------------------------------------------
     0 | D:1      | patates123 the Human Fighter began the quest for the Orb.
     0 | D:1      | Reached XP level 1. HP: 18/18 MP: 1/1
   547 | D:1      | Reached XP level 2. HP: 24/24 MP: 2/2
   963 | D:1      | Reached XP level 3. HP: 29/29 MP: 3/3
  2381 | D:2      | HP: 1/29 [gnoll/+0 spear (1)]
  2998 | D:2      | Reached XP level 4. HP: 32/35 MP: 4/4
  3147 | D:2      | Found a faded altar of an unknown god.
  3160 | D:2      | Prayed at the altar of an unknown god.
  3160 | D:2      | Became a worshipper of Gozag Ym Sagoz the Greedy
  3990 | D:3      | Reached XP level 5. HP: 21/41 MP: 5/5
  4601 | D:3      | Found a sacrificial altar of Ru.
  4948 | D:4      | Noticed a phantom
  4955 | D:4      | Killed a phantom
  4956 | D:4      | Reached XP level 6. HP: 44/47 MP: 6/6
  4989 | D:4      | Noticed an ogre
  4998 | D:4      | Slain by an ogre

Illustrated notes

Levels and vault maps discovered:
D:1:      lemuel_arrival_tunnels, layout_basic, serial_corexii_hall,
          corexii_hall_statues_l, chequers_hall_statues_y
D:2:      layout_loops_ring, shapermc_ecumenical_altar_starsandcircs,
          st_stairs_13
D:3:      layout_rooms, nicolae_ru_the_path_less_chosen
D:4:      layout_loops_ring, chequers_temple_overflow_statue_of_worship,
          minmay_liquid_box, chequers_serial_rivers_micro_b

Skill      XL: |  1  2  3  4  5 |
---------------+----------------+-----
Long Blades    | 3 |  3.6
Armour         | 4 |  4.3
Shields        | 4 |  4.0
Fighting       | |  3.5
Dodging        | |  0.3

Action                   |  1- 3 |  4- 6 || total
-------------------------+-------+-------++-------
Melee: Long sword        |   106 |   111 ||   217
  Use: Scroll            |     1 |       ||     1
       Potion            |     1 |       ||     1
Armor: Scale mail        |    47 |       ||    47
       Plate armour      |    29 |    66 ||    95
Dodge: Dodged            |    37 |    10 ||    47
Block: Buckler           |    17 |       ||    17
       Kite shield       |    32 |    57 ||    89

Table legend: (Time is in decaauts)
 A = Elapsed time spent in this place.
 B = Non-inter-level travel time spent in this place.
 C = Inter-level travel time spent in this place.
 D = Time resting spent in this place.
 E = Time spent auto-exploring this place.
 F = Levels seen in this place.
 G = Mean time per level.
                   A        B        C        D        E       F      G
               +--------+--------+--------+--------+--------+-----+--------+
         Total |   5089 |   5089 |      0 |   2052 |   1058 |   4 | 1272.2 |
       Dungeon |   5089 |   5089 |      0 |   2052 |   1058 |   4 | 1272.2 |
               +--------+--------+--------+--------+--------+-----+--------+

Top non-repeatable levels by time:
     D:1: 2276 daAuts
     D:2: 1749 daAuts
     D:3: 718 daAuts
     D:4: 346 daAuts
